 Dungeon Crawl Stone Soup version 0.31-a0-431-g88bdf31460 (webtiles) character file.

Game seed: 148877470853664647

910 randomguy2701 the Chopper (level 7, 0/61 HPs)
             Began as a Minotaur Fighter on July 31, 2023.
             Killed from afar by Sigmund (6 damage)
             ... with a magic dart
             ... on level 6 of the Dungeon.
             The game lasted 00:03:53 (3496 turns).

randomguy2701 the Chopper (Minotaur Fighter)        Turns: 3496, Time: 00:03:54

Health: 0/61       AC:  7    Str: 21    XL:     7   Next: 81%
Magic:  6/6        EV: 10    Int:  5    God:
Gold:   340        SH:  0    Dex: 11    Spells: 6/6 levels left

rFire   . . .        a - +0 war axe
rCold   . . .        c - +0 buckler
rNeg    . . .        b - +0 scale mail
rPois   .            (helmet restricted)
rElec   .            (no cloak)
rCorr   .            (no gloves)
SInv    .            (no boots)
Will    .....        p - amulet of reflection Stlth
                     (no ring)
HPRegen 0.30/turn    (no ring)
MPRegen 0.10/turn

%: reflection
@: confused
A: horns 2, retaliatory headbutt
a: no special abilities


You were on level 6 of the Dungeon.
You visited 1 branch of the dungeon, and saw 6 of its levels.

You collected 340 gold pieces.

Inventory:

Hand Weapons
 a - a +0 war axe (weapon)
Armour
 b - a +0 scale mail (worn)
 c - a +0 buckler (worn)
Jewellery
 p - an amulet of reflection (around neck)
Wands
 t - a wand of polymorph (6)
 v - a wand of flame (14)
Scrolls
 e - 6 scrolls of identify {unknown}
 h - a scroll of poison {unknown}
 i - a scroll of noise {unknown}
 j - 3 scrolls of teleportation {unknown}
 m - a scroll of amnesia {unknown}
 o - 3 scrolls of enchant armour {unknown}
 s - a scroll of summoning {unknown}
Potions
 d - a potion of might
 f - a potion of brilliance {unknown}
 g - 5 potions of curing {unknown}
 k - a potion of magic {unknown}
 l - a potion of attraction {unknown}
 n - 2 potions of degeneration {unknown}
 q - a potion of berserk rage {unknown}
 r - a potion of enlightenment {unknown}
 u - a potion of invisibility {unknown}


   Skills:
 + Level 5.3 Fighting
 + Level 7.0 Axes
 + Level 5.7 Armour
 + Level 1.6 Dodging
 + Level 0.8 Stealth
 + Level 6.4 Shields


You had 6 spell levels left.
You didn't know any spells.
Your spell library contained the following spells:

 Spells                   Type           Power      Damage    Failure   Level
 Foxfire                  Conj/Fire      0%         2x1d4     86%         1
 Blink                    Tloc           0%         N/A       94%         2
 Lesser Beckoning         Tloc           0%         N/A       94%         2
 Momentum Strike          Conj/Tloc      0%         3d8       94%         2
 Call Canine Familiar     Summ           0%         N/A       99%         3
 Portal Projectile        Hex/Tloc       0%         N/A       99%         3
 Leda's Liquefaction      Hex/Erth       0%         N/A       100%        4
 Plasma Beam              Fire/Air       0%         2x1d10    100%        6
 Starburst                Conj/Fire      0%         6d3       100%        6


Dungeon Overview and Level Annotations

Branches:
Dungeon (6/15)             Temple (0/1) D:4

Altars:
Ashenzari
Dithmenos
Elyvilon
Hepliaklqana
Ru
Xom

Shops:
D:1 (   D:5 :(

Annotations:
D:6 Sigmund


Innate Abilities, Weirdness & Mutations

You have a pair of horns on your head.
You reflexively headbutt those who attack you in melee.


Message History

Sigmund is moderately wounded.
Sigmund hits you with a +0 scythe.
You hit Sigmund. Your headbutt misses Sigmund.
Sigmund is moderately wounded.
Sigmund hits you with a +0 scythe.
You bump into the rock wall.
Sigmund closely misses you.
You closely miss Sigmund.
Sigmund is moderately wounded.
You feel less confused.
You hit Sigmund.
Sigmund is moderately wounded.
You block Sigmund's attack.
You hit Sigmund but do no damage.
Sigmund is moderately wounded.
Sigmund barely misses you. You furiously retaliate!
You headbutt Sigmund. You hit Sigmund.
Sigmund is severely wounded.
Sigmund gestures at you while chanting.
You are confused.
You bump into the rock wall.
Sigmund casts a spell.
Sigmund flickers and vanishes!
Deactivating autopickup; reactivate with Ctrl-A.
You miss something. Your headbutt misses something. Something hits you!
You barely miss something. Something hits you!
You feel less confused. Something hits you.
You hit something. You slash the plant!
The plant begins to die.
Something hits you!
* * * LOW HITPOINT WARNING * * *
You closely miss something.
You hear some strange, mumbled words.
You are confused.
Something hits you!
* * * LOW HITPOINT WARNING * * *
A nearby plant withers and dies.
You hear some strange, mumbled words.
A magic dart appears from out of thin air!
The magic dart hits you.
You die...

### ##########.# ######
........{@.###P.PP#
#########....P~P~P#
##.~.PPPP~P#
###PP~P~♣~~P.########
#~~PP♣~~~PPP# #......
~..P~~♣~~PPP~## #......
..P~~~♣PP....#####......
PP~≈♣~♣PP###............
~~~~♣♣PP~P ##.####......


There were no monsters in sight!

Vanquished Creatures
  Menkaure (D:4)
  A phantom (D:5)
  A bullfrog (D:6)
  3 scorpions
  A howler monkey (D:5)
  A hound (D:6)
  A gnoll bouda (D:4)
  4 iguanas
  11 gnolls
  9 adders
  A shadow imp (D:6)
  2 worms (D:2)
  A dart slug (D:1)
  An orc (D:4)
  7 ball pythons
  3 bats
  6 endoplasms
  4 giant cockroaches
  7 goblins
  6 hobgoblins
  6 jackals
  4 quokkas
  7 kobolds
  7 rats
95 creatures vanquished.

Notes
Turn   | Place    | Note
-------+----------+-------------------------------------------
     0 | D:1      | randomguy2701 the Minotaur Fighter began the quest for the
                  | Orb.
     0 | D:1      | Reached XP level 1. HP: 19/19 MP: 0/0
    19 | D:1      | Found Jelud's Weapon Emporium.
   145 | D:1      | Reached XP level 2. HP: 27/27 MP: 1/1
   512 | D:2      | Reached skill level 3 in Axes
   512 | D:2      | Reached XP level 3. HP: 33/33 MP: 2/2
   717 | D:2      | Reached XP level 4. HP: 40/40 MP: 3/3
   734 | D:2      | Found a shimmering altar of Xom.
   983 | D:2      | Found a faded altar of an unknown god.
  1263 | D:3      | Reached skill level 4 in Axes
  1299 | D:3      | Identified the +1 mace of Doubt {heavy, rF+ MP+9}
  1495 | D:3      | Reached XP level 5. HP: 47/47 MP: 4/4
  1501 | D:3      | Found a sacrificial altar of Ru.
  1576 | D:3      | Found a broken altar of Ashenzari.
  1721 | D:4      | Reached skill level 5 in Axes
  1900 | D:4      | Noticed Menkaure
  1908 | D:4      | Killed Menkaure
  1909 | D:4      | Reached skill level 1 in Dodging
  1909 | D:4      | Reached skill level 5 in Shields
  1909 | D:4      | Reached XP level 6. HP: 43/55 MP: 5/5
  2083 | D:4      | Reached skill level 5 in Armour
  2091 | D:4      | Reached skill level 5 in Fighting
  2135 | D:4      | Found a white marble altar of Elyvilon.
  2343 | D:4      | Found a staircase to the Ecumenical Temple.
  2466 | D:5      | Entered Level 5 of the Dungeon
  2654 | D:5      | Reached skill level 6 in Axes
  2699 | D:5      | Reached XP level 7. HP: 56/61 MP: 6/6
  2849 | D:5      | Found Pukuaf's Antique Weapon Shop.
  2889 | D:5      | Found Paof Zoi's Vocational Training.
  3344 | D:6      | Found a hazy altar of Hepliaklqana.
  3345 | D:6      | Found a shadowy altar of Dithmenos.
  3345 | D:6      | Noticed a shadow
  3378 | D:6      | Reached skill level 7 in Axes
  3467 | D:6      | Noticed Sigmund
  3496 | D:6      | Killed from afar by Sigmund

Illustrated notes

Levels and vault maps discovered:
D:1:      heliophobic_arrival_battle_scene, layout_rooms, serial_shops,
          nicolae_shop_bloodbath_and_beyond
D:2:      layout_rooms, basic_altar, shapermc_ecumenical_altar_mp_urbaneastern,
          supply_closet_lemuel, minmay_increasing_density
D:3:      layout_rooms, lemuel_coloured_pillars_altar, lemuel_doored_altar
D:4:      layout_loops_ring, kennysheep_mini, minmay_temple_entry_nine_rooms,
          nrook_loot_triangle, nicolae_concentric_dashed_squares_wild,
          corexii_corridor_pit, uniq_menkaure
D:5:      layout_cave_pools, serial_co_window_serial, co_window_paths_a,
          co_window_corner_a, co_window_corner_a, co_window_paths_b,
          co_window_paths_a, co_window_of_opportunity_c, co_window_paths_c,
          co_window_of_opportunity_b, glass_columns_a, glass_columns_b,
          glass_columns_a, glass_columns_c, serial_shops, nicolae_shop_crystal,
          nicolae_shop_vocational
D:6:      layout_basic, riverfiend_overflow_shadow_ancestor, lemuel_round_altar,
          mainiacjoe_overflow_boulevard, serial_bayou, serial_bayou_crossing,
          serial_bayou_lagoon_a, serial_bayou_pond_b, serial_bayou_ford_a,
          kennysheep_generic_room_7, uniq_sigmund

Skill      XL: |  1  2  3  4  5  6  7 |
---------------+----------------------+-----
Fighting       | 4 5 |  5.3
Armour         | 4 5 |  5.7
Shields        | 4 5 6 |  6.4
Axes           | 3 4 5 6 7 |  7.0
Dodging        | 1 |  1.6
Stealth        | |  0.8

Action                     |  1- 3 |  4- 6 |  7- 9 || total
---------------------------+-------+-------+-------++-------
  Melee: War axe           |    59 |   118 |    50 ||   227
         Headbutt          |    10 |    21 |     9 ||    40
 Armour: Scale mail        |    18 |    34 |     2 ||    54
  Dodge: Dodged            |    26 |    42 |    18 ||    86
  Block: Buckler           |    10 |    62 |    21 ||    93
         Reflection        |       |     1 |       ||     1

Table legend: (Time is in decaauts)
 A = Elapsed time spent in this place.
 B = Non-inter-level travel time spent in this place.
 C = Inter-level travel time spent in this place.
 D = Time resting spent in this place.
 E = Time spent auto-exploring this place.
 F = Levels seen in this place.
 G = Mean time per level.
                   A        B        C        D        E       F      G
               +--------+--------+--------+--------+--------+-----+--------+
         Total |   3565 |   3366 |    199 |      0 |   2776 |   6 |  594.2 |
       Dungeon |   3565 |   3366 |    199 |      0 |   2776 |   6 |  594.2 |
               +--------+--------+--------+--------+--------+-----+--------+

Top non-repeatable levels by time:
     D:4: 828 daAuts
     D:5: 810 daAuts
     D:2: 667 daAuts
     D:3: 511 daAuts
     D:1: 510 daAuts
     D:6: 236 daAuts
